 Dungeon Crawl Stone Soup version 0.24.0-37-gcf1ca852f1 (webtiles) character file.

Game seed: 1505255271707857940, levelgen mode: deterministic

202007 toffzen the Bludgeoner (level 17, -2/234 HPs)
             Began as a Minotaur Fighter on Nov 29, 2019.
             Was the Champion of Yredelemnul.
             Killed from afar by a deep elf annihilator (16 damage)
             ... with a bolt of lightning
             ... on level 2 of the Vaults on Dec 3, 2019.
             The game lasted 01:54:53 (37492 turns).

toffzen the Bludgeoner (Minotaur Fighter)          Turns: 37492, Time: 01:54:54

Health: -2/234     AC: 24    Str: 26    XL:     17   Next: 93%
Magic:  26/26      EV: 32    Int:  5    God:    Yredelemnul [******]
Gold:   2665       SH: 14    Dex: 21    Spells: 16/16 levels left

rFire    + + .     SeeInvis .   a - +4 flail of the Dark Horse {freeze, *Corrode +Blink rF+ MR+++}
rCold    . . .     Gourm    .   c - +0 shield
rNeg     . . .     Faith    .   F - +1 plate armour
rPois    .         Spirit   .   A - +2 hat
rElec    .         Reflect  .   O - scarf {repulsion}
rCorr    .         Harm     .   w - +1 pair of gloves
MR       ++++.                  t - +0 pair of boots
Stlth    ..........             s - amulet of the acrobat
HPRegen  0.49/turn              X - +4 ring of dexterity
MPRegen  0.20/turn              S - ring of protection from fire

@: berserking (expiring), acrobat, repel missiles, very quick
A: retaliatory headbutt, horns 2
}: 1/15 runes: serpentine
a: Recall Undead Slaves, Injury Mirror, Animate Dead, Drain Life, Enslave Soul,
Renounce Religion, Evoke Blink


You were on level 2 of the Vaults.
You worshipped Yredelemnul.
Yredelemnul was exalted by your worship.
You were not hungry.

You visited 6 branches of the dungeon, and saw 30 of its levels.
You also visited: Gauntlet.

You collected 3083 gold pieces.
You spent 418 gold pieces at shops.

Inventory:

Hand Weapons
 a - the +4 flail of the Dark Horse (weapon) {freeze, *Corrode +Blink rF+ MR+++}
   (You found it on level 14 of the Dungeon)

   It has been specially enchanted to freeze those struck by it, causing extra
   injury to most foes and up to half again as much damage against particularly
   susceptible opponents.
   It can also slow down cold-blooded creatures.
   It protects you from fire.
   It affects your resistance to hostile enchantments.
   It lets you blink.
   It may corrode you when you take damage.
 l - a +1 morningstar of protection
 r - a +2 morningstar of crushing
Missiles
 g - 530 stones (quivered)
 C - 4 throwing nets
Armour
 c - a +0 shield (worn)
 q - a +1 chain mail of poison resistance
 t - a +0 pair of boots (worn)
 w - a +1 pair of gloves (worn)
 A - a +2 hat (worn)
 F - a +1 plate armour (worn)
 O - a scarf of repulsion (worn)
Jewellery
 d - a +2 ring of strength
 s - an amulet of the acrobat (around neck)
 y - an uncursed amulet of magic regeneration
 E - a +4 amulet of reflection
 S - a ring of protection from fire (right hand)
 X - a +4 ring of dexterity (left hand)
 Y - an uncursed ring of ice
Wands
 b - a wand of iceblast (12)
 j - a wand of digging (22)
 n - a wand of polymorph (9)
 o - a wand of clouds (4)
 p - a wand of acid (12)
 v - a wand of disintegration (35)
 W - a wand of flame (34)
Scrolls
 k - 4 scrolls of fog
 m - 4 scrolls of remove curse
 x - 9 scrolls of teleportation
 B - a scroll of fear
 G - 3 scrolls of immolation
 I - 4 scrolls of blinking
 J - a scroll of enchant weapon
 K - 2 scrolls of summoning
 M - 2 scrolls of silence
 P - 4 scrolls of magic mapping
 T - 8 scrolls of identify
 U - 4 scrolls of enchant armour
Potions
 e - 4 potions of curing
 i - 8 potions of mutation
 u - 2 potions of flight
 z - 3 potions of haste
 D - a potion of invisibility
 H - 3 potions of lignification
 L - 2 potions of cancellation
 Q - a potion of might
Comestibles
 f - 34 rations


   Skills:
 + Level 15.1 Fighting
 * Level 20.0 Maces & Flails
 + Level 15.1 Armour
 + Level 13.6 Dodging
 - Level 12.6 Shields
 + Level 13.9 Invocations


You had 16 spell levels left.
You didn't know any spells.
Your spell library contained the following spells:

 Spells                   Type           Power        Failure   Level  Hunger
 Apportation              Tloc           #.....       99%         1    ##.....
 Magic Dart               Conj           #...         99%         1    ##.....
 Sandblast                Erth           #.....       99%         1    ##.....
 Summon Butterflies       Summ           #.......     99%         1    ##.....
 Passwall                 Tmut/Erth      #.......     100%        2    ###....
 Searing Ray              Conj           #.....       100%        2    ###....
 Dazzling Spray           Conj/Hex       #.....       100%        3    ####...
 Lesser Beckoning         Tloc           #.........   100%        3    ####...
 Recall                   Summ/Tloc      N/A          100%        3    ####...
 Stone Arrow              Conj/Erth      #.....       100%        3    ####...
 Tukima's Dance           Hex            #.......     100%        3    ####...
 Animate Dead             Necr           N/A          100%        4    #####..
 Force Lance              Conj/Tloc      #.......     100%        4    #####..
 Fulminant Prism          Conj/Hex       #.........   100%        4    #####..
 Ice Form                 Ice/Tmut       #.......     100%        4    #####..
 Iskenderun's Mystic Bla  Conj           #.......     100%        4    #####..
 Petrify                  Tmut/Erth      #.......     100%        4    #####..
 Alistair's Intoxication  Tmut/Pois      #.......     100%        5    ######.
 Borgnjor's Vile Clutch   Necr/Erth      #.........   100%        5    ######.
 Lee's Rapid Deconstruct  Erth           #.........   100%        5    ######.
 Metabolic Englaciation   Hex/Ice        #.........   100%        5    ######.
 Bolt of Cold             Conj/Ice       #.........   100%        6    #######
 Death Channel            Necr           #.........   100%        6    #######
 Freezing Cloud           Conj/Ice/Air   #.........   100%        6    #######
 Invisibility             Hex            #.......     100%        6    #######
 Ozocubu's Refrigeration  Ice            #.........   100%        6    #######
 Simulacrum               Ice/Necr       #.........   100%        6    #######


Dungeon Overview and Level Annotations

Branches:
Dungeon (15/15)            Temple (0/1) D:7            Lair (6/6) D:10
 Shoals (0/4) Lair:4        Snake (4/4) Lair:3        Slime (0/5) Lair:5
    Orc (2/2) D:10            Elf (1/3) Orc:2        Vaults (2/5) D:14
 Depths (0/5) D:15        Gauntlet (visited)
  Crypt: Vaults:2-3

Altars:
Dithmenos
Kikubaaqudgha
Okawaru
Qazlal
Xom
Yredelemnul
Zin

Shops:
D:6 =   D:10 [   D:14 *   Orc:2 (}*%

Annotations:
D:3 3 runed translucent doors, frabbit's ghost, amateur OpIE
D:6 1 runed translucent door, coffeespoons's ghost, novice MfGl
D:7 1 runed translucent door, Crazy Yiuf
D:10 2 transporters, Biylee Zero's ghost, journeyman DEFE
Lair:4 exclusion: 2 oklob plants
Lair:6 3 runed translucent doors, onDMT's ghost, journeyman MiBe


Innate Abilities, Weirdness & Mutations

You reflexively headbutt those who attack you in melee.
You have a pair of horns on your head.


Message History

Your deep troll earth mage zombie barely misses the dream sheep.
Your deep troll earth mage zombie claws the dream sheep.
A red film seems to cover your vision as you go berserk!
You feel yourself moving faster!
You feel mighty!
The deep elf annihilator gestures wildly while chanting.
The deep elf annihilator blinks!
The dream sheep bites your orc knight zombie but does no damage.
The deep elf high priest is no longer giving off an aura.
You feel a strong urge to attack something.
The dream sheep changes into an elephant!
The deep elf annihilator seems less brilliant.
Your orc knight zombie hits the elephant with a +0 war axe!
Your orc knight zombie hits the deep elf high priest but does no damage.
Your deep troll earth mage zombie bites the elephant!
Your deep troll earth mage zombie claws the elephant.
Your deep troll earth mage zombie claws the elephant!
The deep elf annihilator casts a spell at you.
The bolt of lightning hits you!
You die...
Your body rises from the dead as a mindless zombie.

...e... .D..W..
######.Ye....
#....#C......
#u.u(ue......
#..p(#.......
#'#####################
#....CeZ...Z..ยง..e.....
#..x)xYZZ..Z.@.........
##############..######
#########+#####
#....ZZ..nZ...#
#.....ZZZZ....#
#....ZZZ.W....#
#.....ZZZ.....#
#....ZZ.......#
#.............#


You could see an elephant shaped shifter, a deep elf annihilator, a deep elf
high priest, a friendly orc knight zombie, a friendly yaktaur zombie, a friendly
wizard zombie, a friendly vault guard zombie and a friendly deep troll earth
mage zombie.

Vanquished Creatures
  Gastronok (Lair:2)
  6 nagarajas
  A vault warden (Vaults:1)
  2 ironheart preservers
  3 very ugly things
  A vampire knight (D:13)
  Snorg (Orc:2)
  An ettin (D:15)
  2 fire dragons
  2 ogre magi (Vaults:1)
  2 yaktaur captains
  A hydra (D:11)
  An ice dragon (Orc:2)
  5 vault guards (Vaults:2)
  4 naga warriors
  6 centaur warriors
  A deep troll shaman (Vaults:2)
  3 anacondas
  5 two-headed ogres
  A vampire mage (D:13)
  A tengu warrior (D:15)
  2 shock serpents
  3 orc high priests (Orc:2)
  5 naga sharpshooters
  2 deep elf knights
  2 salamander mystics
  3 naga ritualists
  A sea snake (Snake:2)
  An unseen horror (D:12)
  A phantasmal warrior (Vaults:2)
  5 orc knights
  A wolf spider zombie (D:13)
  2 ironbrand convokers (Vaults:1)
  13 ugly things
  4 deep elf magi
  2 manticores
  An orc sorcerer (Orc:2)
  2 mana vipers
  3 salamanders
  A merfolk siren (Lair:4)
  2 molten gargoyles (Lair:6)
  3 elephants (Lair:4)
  5 guardian serpents
  A vault sentinel (Vaults:2)
  16 black mambas
  4 naga magi
  A komodo dragon (shapeshifter) (Vaults:1)
  5 centaur skeletons
  A freezing wraith (Vaults:1)
  7 komodo dragons
  9 spiny frogs
  8 yaktaurs
  2 kobold demonologists
  An efreet (D:13)
  A rime drake (Orc:2)
  A queen bee (Lair:1)
  A harpy zombie (D:15)
  5 trolls
  2 polar bears
  2 tengu conjurers
  A hornet (D:11)
  2 merfolk (Lair:4)
  Grinder (D:3)
  7 hippogriffs
  3 blink frogs
  A slime creature (Vaults:1)
  A meliai zombie (D:12)
  Sigmund (D:2)
  2 shadows (D:13)
  9 flying skulls (D:13)
  A spriggan (D:11)
  4 wyverns
  5 vampires (D:13)
  2 hogs (Lair:5)
  19 yaks
  4 fire bats
  A basilisk (Lair:6)
  2 steam dragons (Lair:6)
  3 hungry ghosts
  4 wargs
  24 nagas
  3 water moccasins
  11 porcupines
  A soldier ant (D:12)
  An acid dragon (D:11)
  2 hell hounds (Lair:6)
  28 orc warriors
  4 ice beasts
  15 ogres
  4 black bears
  2 phantoms
  A tengu (shapeshifter) (Vaults:1)
  A black bear (shapeshifter) (Vaults:2)
  2 necrophages
  6 wolves
  3 boggarts (D:14)
  17 centaurs
  5 big kobolds
  6 crocodiles
  10 bullfrogs
  An elf simulacrum (Vaults:1)
  A wyvern zombie (D:9)
  4 scorpions
  24 killer bees (Lair:1)
  22 wights
  2 electric eels (Lair:2)
  7 howler monkeys
  4 lava snakes (Lair:6)
  3 crimson imps
  8 hounds
  2 quasits
  A bullfrog zombie (D:8)
  2 centaur zombies
  29 orc priests
  A wyvern simulacrum (D:14)
  3 jellies
  2 bullfrog skeletons (D:5)
  5 human zombies (D:13)
  Jessica (D:2)
  2 hell rats (D:13)
  5 iguanas
  Ijyb (D:3)
  22 orc wizards
  15 worker ants
  2 hound zombies
  6 adders
  A river rat (D:13)
  4 shadow imps
  3 adder skeletons
  3 adder zombies
  4 worms
  3 dart slugs
  8 leopard geckos
  94 orcs
  6 giant cockroaches
  9 goblins
  6 hobgoblins
  12 jackals
  2 quokkas
  A ball python (D:3)
  11 bats
  6 frilled lizards
  A jackal zombie (D:8)
  15 kobolds
  A leopard gecko skeleton (D:4)
  A leopard gecko zombie (D:5)
  A quokka zombie (D:7)
  5 rats
772 creatures vanquished.

Vanquished Creatures (collateral kills)
  Vashnia (Snake:4)
  Nikola (Snake:3)
  Jorgrun (Orc:2)
  A lich (Vaults:2)
  Kirke (Lair:5)
  A deep elf sorcerer (Vaults:1)
  A frost giant (Vaults:2)
  Aizul (Snake:3)
  A vault warden (Vaults:2)
  10 nagarajas
  A stone giant (Vaults:2)
  A war gargoyle (Vaults:1)
  An ironheart preserver (Vaults:1)
  A deep elf annihilator (Vaults:1)
  A deep elf high priest (Vaults:2)
  A yaktaur captain (Vaults:2)
  A great orb of eyes (Vaults:2)
  Harold (D:7)
  25 naga warriors
  A vault guard (Vaults:2)
  An ice dragon (Vaults:1)
  6 centaur warriors
  2 hydras
  An ogre mage (Vaults:2)
  3 anacondas
  6 two-headed ogres
  A two-headed ogre (shapeshifter) (Vaults:1)
  A deep troll earth mage (Vaults:2)
  5 death yaks
  2 orc high priests (Orc:2)
  5 shock serpents
  18 naga sharpshooters
  2 deep elf knights (Vaults:1)
  A salamander mystic (Snake:4)
  A hell knight (D:15)
  A skeletal warrior (Vaults:1)
  A shadow wraith (Vaults:1)
  3 deep trolls (Vaults:2)
  A swamp dragon (Vaults:2)
  A glowing orange brain (Vaults:1)
  2 sea snakes (Snake:2)
  2 wizards
  2 unseen horrors
  A deep elf archer (Vaults:1)
  A lindwurm (Lair:6)
  3 naga ritualists
  3 ironbrand convokers (Vaults:1)
  4 mana vipers
  7 orc knights
  5 ugly things
  8 deep elf magi
  A cyclops (D:15)
  10 salamanders
  An elephant (Lair:4)
  A merfolk siren (Lair:4)
  20 black mambas
  A centaur zombie (D:15)
  3 guardian serpents
  A spiny frog (Lair:6)
  4 vault sentinels
  18 naga magi
  2 centaur skeletons
  5 yaktaurs
  2 komodo dragons
  2 trolls
  A polar bear (Lair:4)
  A jumping spider (shapeshifter) (D:15)
  A meliai (shapeshifter) (D:15)
  4 blink frogs
  8 slime creatures (Vaults:1)
  A human simulacrum (Vaults:1)
  8 flying skulls (D:13)
  3 wyverns
  A shadow (D:15)
  2 vampires (D:13)
  6 yaks
  2 wraiths
  4 hogs (Lair:5)
  2 basilisks
  2 fire bats (Lair:4)
  48 nagas
  A swamp worm (shapeshifter) (Vaults:1)
  A soldier ant (shapeshifter) (D:14)
  An acid dragon (Vaults:1)
  A water moccasin (Lair:6)
  2 porcupines
  2 hell hounds (Lair:6)
  2 phantoms
  19 orc warriors
  A black bear (Lair:4)
  4 ogres
  11 centaurs
  3 crocodiles
  A big kobold (D:12)
  3 bullfrogs
  4 wights
  2 electric eels (Snake:2)
  A howler monkey (D:9)
  A bullfrog zombie (D:13)
  3 crimson imps
  A lava snake (Lair:6)
  A quasit (D:9)
  2 human zombies (D:13)
  9 orc priests
  An iguana (D:13)
  8 orc wizards
  A worker ant (D:5)
  A river rat (D:13)
  2 adders
  A shadow imp (D:6)
  36 orcs
  2 bats (D:13)
  3 kobolds
  2 rats (D:13)
  A crawling corpse (Vaults:2)
  8 fungi
  3 plants
463 creatures vanquished.

Vanquished Creatures (others)
  A bone dragon (Vaults:2)
  2 profane servitors
  2 ghouls
  3 vampire knights
  A shadow wraith (Vaults:2)
  6 skeletal warriors
  2 flayed ghosts
  An anaconda skeleton (Snake:4)
  An ugly thing zombie (D:13)
  A phantasmal warrior (Vaults:2)
  An ugly thing skeleton (D:14)
  A shock serpent zombie (Snake:4)
  A dwarf skeleton (Orc:2)
  A sea snake zombie (Snake:2)
  A guardian serpent zombie (Snake:4)
  18 flying skulls
  2 black mamba zombies
  4 elf zombies
  4 wraiths
  3 vampires
  A black mamba skeleton (Snake:4)
  A merfolk zombie (Lair:4)
  2 deep troll zombies (Vaults:2)
  A two-headed ogre zombie (Vaults:1)
  2 nagas
  A spiny frog zombie (Lair:6)
  A blink frog zombie (Lair:2)
  A blink frog skeleton (Lair:6)
  A troll zombie (Orc:2)
  A komodo dragon zombie (Lair:6)
  6 yaktaur zombies
  5 human zombies
  A komodo dragon skeleton (Lair:6)
  A water moccasin zombie (Lair:6)
  3 wyvern zombies
  A salamander skeleton (Snake:3)
  A wyvern skeleton (Lair:6)
  A warg zombie (Vaults:2)
  A yak zombie (D:10)
  A wight (D:13)
  A yak skeleton (Lair:6)
  7 centaur zombies
  A black bear zombie (D:13)
  A centaur skeleton (D:14)
  2 bullfrog skeletons
  2 porcupine zombies (Lair:2)
  A porcupine skeleton (Lair:4)
  5 ogre zombies
  2 crocodile zombies
  5 naga zombies
  A big kobold zombie (D:14)
  A crocodile skeleton (Lair:4)
  A hound zombie (D:13)
  2 ogre skeletons
  A hound skeleton (D:10)
  2 mummies
  A worker ant zombie (D:11)
  A hell rat zombie (D:13)
  2 howler monkey zombies (D:14)
  A steam dragon skeleton (Lair:6)
  An adder zombie (D:6)
  An electric eel zombie (Lair:2)
  A bat skeleton (D:13)
  3 bat zombies (D:13)
  11 orc skeletons
  28 orc zombies
  A rat zombie (D:13)
  14 fungi
  8 plants
197 creatures vanquished.

Grand Total: 1432 creatures vanquished

Notes
Turn   | Place    | Note
-------+----------+-------------------------------------------
     0 | D:1      | toffzen the Minotaur Fighter began the quest for the Orb.
     0 | D:1      | Reached XP level 1. HP: 19/19 MP: 0/0
   239 | D:1      | Reached XP level 2. HP: 27/27 MP: 1/1
   651 | D:2      | Noticed Sigmund
   667 | D:2      | Killed Sigmund
   667 | D:2      | Reached skill level 4 in Maces & Flails
   667 | D:2      | Reached skill level 1 in Dodging
   667 | D:2      | Reached XP level 3. HP: 22/34 MP: 2/2
   667 | D:2      | Reached XP level 4. HP: 26/41 MP: 3/3
   667 | D:2      | Reached XP level 5. HP: 30/47 MP: 4/4
  1339 | D:2      | Noticed Jessica
  1347 | D:2      | Killed Jessica
  1511 | D:3      | Found a runed translucent gate.
  1511 | D:3      | Found a runed translucent gate.
  1511 | D:3      | Found a runed translucent gate.
  1511 | D:3      | Noticed frabbit's ghost (amateur OpIE)
  1638 | D:3      | Reached XP level 6. HP: 53/53 MP: 5/5
  1697 | D:3      | Reached skill level 5 in Maces & Flails
  1717 | D:3      | Found a faded altar of an unknown god.
  1995 | D:3      | Noticed Ijyb
  2006 | D:3      | Killed Ijyb
  2006 | D:3      | Reached skill level 5 in Fighting
  2120 | D:3      | Reached skill level 5 in Armour
  2132 | D:3      | Reached skill level 5 in Shields
  2335 | D:3      | Found a basalt altar of Yredelemnul.
  2350 | D:3      | Noticed Grinder
  2354 | D:3      | Paralysed by Grinder for 7 turns
  2369 | D:3      | Paralysed by Grinder for 7 turns
  2377 | D:3      | Killed Grinder
  2377 | D:3      | Reached skill level 6 in Maces & Flails
  2377 | D:3      | Reached XP level 7. HP: 26/61 MP: 6/6
  2566 | D:3      | Became a worshipper of Yredelemnul the Dark
  3603 | D:5      | Entered Level 5 of the Dungeon
  3614 | D:4      | Reached skill level 7 in Maces & Flails
  3614 | D:4      | Reached XP level 8. HP: 68/70 MP: 7/7
  4077 | D:4      | Reached * piety under Yredelemnul
  4729 | D:5      | Reached skill level 8 in Maces & Flails
  5573 | D:6      | Reached skill level 5 in Dodging
  5573 | D:6      | Reached XP level 9. HP: 61/78 MP: 8/8
  5659 | D:6      | Reached ** piety under Yredelemnul
  5818 | D:6      | Reached skill level 9 in Maces & Flails
  6035 | D:6      | Found a runed translucent door.
  6038 | D:6      | Noticed coffeespoons's ghost (novice MfGl)
  6318 | D:6      | Found Heriteacs's Jewellery Emporium.
  6608 | D:7      | You fall into a shaft and drop 1 floor!
  6767 | D:7      | Found a staircase to the Ecumenical Temple.
  7376 | D:7      | Reached skill level 10 in Maces & Flails
  7482 | D:7      | Noticed Harold
  7493 | D:7      | Killed Harold
  7493 | D:7      | Reached XP level 10. HP: 68/88 MP: 9/9
  7943 | D:7      | Found a runed translucent door.
  7944 | D:7      | Noticed Crazy Yiuf
  8152 | D:8      | Reached *** piety under Yredelemnul
  8539 | D:8      | Reached skill level 11 in Maces & Flails
  9209 | D:9      | Received a gift from Yredelemnul (a mummy)
  9216 | D:9      | Reached skill level 1 in Invocations
  9684 | D:9      | Identified the +2 leather armour of Death's Door {rPois
                  | Regen+ SInv}
 10147 | D:10     | Entered Level 10 of the Dungeon
 10158 | D:9      | Received a gift from Yredelemnul (3 flying skulls)
 10350 | D:10     | Reached **** piety under Yredelemnul
 10409 | D:10     | Found a glowing silver altar of Zin.
 10462 | D:10     | Found Cupie's Armour Boutique.
 10463 | D:10     | Found a staircase to the Orcish Mines.
 10605 | D:10     | Noticed Biylee Zero's ghost (journeyman DEFE)
 10612 | D:10     | Found a transporter.
 10629 | D:10     | Reached XP level 11. HP: 94/96 MP: 11/11
 10907 | D:10     | Found a staircase to the Lair.
 10936 | D:10     | Reached XP level 12. HP: 103/103 MP: 11/18
 11043 | D:10     | Found a transporter.
 11179 | Lair:1   | Entered Level 1 of the Lair of Beasts
 11738 | Lair:1   | Reached skill level 12 in Maces & Flails
 11745 | Lair:1   | Received a gift from Yredelemnul (a mummy)
 12626 | Lair:2   | Reached ***** piety under Yredelemnul
 13216 | Lair:2   | Noticed Gastronok
 13229 | Lair:2   | Killed Gastronok
 13686 | Lair:3   | Found a staircase to the Snake Pit.
 14110 | Lair:3   | Reached skill level 13 in Maces & Flails
 14110 | Lair:3   | Reached skill level 10 in Armour
 14152 | Lair:3   | Found a shimmering altar of Xom.
 14516 | Lair:4   | Received a gift from Yredelemnul (2 flying skulls)
 14520 | Lair:4   | Found an iron altar of Okawaru.
 14624 | Lair:4   | Reached skill level 10 in Invocations
 14655 | Lair:4   | Found a staircase to the Shoals.
 14659 | Lair:4   | Reached skill level 10 in Fighting
 14670 | Lair:4   | Received a gift from Yredelemnul (a wraith)
 14773 | Lair:4   | Reached skill level 10 in Shields
 14864 | Lair:4   | Reached XP level 13. HP: 112/112 MP: 19/19
 14904 | Lair:4   | Found a gate leading to a gauntlet.
 14913 | Gauntlet | Entered a Gauntlet
 14913 | Gauntlet | Found a transporter.
 14913 | Gauntlet | Found a transporter.
 14913 | Gauntlet | Found a transporter.
 14914 | Gauntlet | Found a transporter.
 14917 | Gauntlet | Found a transporter.
 14917 | Gauntlet | Found a transporter.
 14928 | Gauntlet | Found a transporter.
 14932 | Gauntlet | Found a transporter.
 14942 | Gauntlet | Found a transporter.
 14952 | Gauntlet | Found a transporter.
 15049 | Lair:4   | Found a dark tunnel.
 15681 | Lair:5   | Found a staircase to the Slime Pits.
 15995 | Lair:5   | Noticed Kirke
 16742 | Lair:5   | Received a gift from Yredelemnul (a vampire)
 16759 | Lair:5   | Noticed a sphinx
 16764 | Lair:5   | Killed Kirke
 17235 | Lair:6   | Entered Level 6 of the Lair of Beasts
 17572 | Lair:6   | Found a runed translucent door.
 17572 | Lair:6   | Noticed onDMT's ghost (journeyman MiBe)
 17731 | Lair:6   | Reached skill level 14 in Maces & Flails
 18310 | Lair:6   | Found a large runed translucent door.
 18310 | Lair:6   | Noticed a fire dragon
 18879 | Lair:6   | Found a large runed translucent door.
 19533 | D:11     | Received a gift from Yredelemnul (a wraith)
 19556 | D:11     | Noticed a fire dragon
 19765 | D:11     | Received a gift from Yredelemnul (a wight)
 20208 | D:11     | Killed a fire dragon
 20657 | D:11     | Reached XP level 14. HP: 123/123 MP: 21/21
 20880 | D:12     | Received a gift from Yredelemnul (4 flying skulls)
 20962 | D:12     | Received a gift from Yredelemnul (a wraith)
 21039 | D:12     | Reached skill level 10 in Dodging
 21392 | D:12     | Reached skill level 15 in Maces & Flails
 21906 | D:13     | Received a gift from Yredelemnul (5 flying skulls)
 22224 | D:13     | Received a gift from Yredelemnul (4 flying skulls)
 22305 | D:13     | Reached ****** piety under Yredelemnul
 22702 | D:13     | Identified the +2 buckler of the Townfolk {Int+3}
 22719 | D:13     | Found an ancient bone altar of Kikubaaqudgha.
 22719 | D:13     | Noticed a vampire knight
 22719 | D:13     | Paralysed by a vampire knight for 7 turns
 23069 | D:13     | Killed a vampire knight
 23283 | D:13     | Received a gift from Yredelemnul (a wraith)
 23541 | D:14     | Got an ancient flail
 23542 | D:14     | Identified the +4 flail of the Dark Horse {freeze, *Corrode
                  | +Blink rF+ MR+++} (You found it on level 14 of the Dungeon)
 23640 | D:14     | Found Mov Ineh's General Store.
 24638 | D:14     | Received a gift from Yredelemnul (a skeletal warrior)
 24834 | D:14     | Found a gate to the Vaults.
 24953 | D:14     | Found a stormy altar of Qazlal.
 25046 | D:15     | Entered Level 15 of the Dungeon
 25109 | D:14     | Reached skill level 16 in Maces & Flails
 25109 | D:14     | Received a gift from Yredelemnul (a vampire knight)
 25389 | D:15     | Found a staircase to the Depths.
 25425 | D:15     | Reached XP level 15. HP: 128/132 MP: 22/22
 25647 | D:15     | Received a gift from Yredelemnul (a skeletal warrior)
 25730 | D:15     | Found a shadowy altar of Dithmenos.
 26073 | Orc:1    | Entered Level 1 of the Orcish Mines
 26317 | Orc:2    | Entered Level 2 of the Orcish Mines
 26559 | Orc:2    | Noticed Snorg
 26575 | Orc:2    | Killed Snorg
 26678 | Orc:2    | Noticed Jorgrun
 26699 | Orc:2    | Received a gift from Yredelemnul (a vampire knight)
 26924 | Orc:2    | Killed Jorgrun
 26978 | Orc:2    | Received a gift from Yredelemnul (a ghoul)
 27244 | Orc:2    | Your ally Snorg died
 27248 | Orc:2    | Your ally Jorgrun died
 27429 | Orc:1    | Received a gift from Yredelemnul (a skeletal warrior)
 27954 | Orc:2    | Found Yptyics's Food Shoppe.
 27954 | Orc:2    | Found Buif's Weapon Shoppe.
 27955 | Orc:2    | Found Iheuruis's General Store.
 27955 | Orc:2    | Found Ynaughy's Gadget Shoppe.
 27965 | Orc:2    | Bought a wand of digging (5) for 270 gold pieces
 28074 | Orc:2    | Received a gift from Yredelemnul (a bone dragon)
 28274 | Orc:2    | Found a staircase to the Elven Halls.
 28605 | Elf:1    | Entered Level 1 of the Elven Halls
 29196 | D:10     | Bought a +1 chain mail of poison resistance for 148 gold
                  | pieces
 29284 | Snake:1  | Entered Level 1 of the Snake Pit
 29285 | Snake:1  | Noticed a nagaraja
 29543 | Snake:1  | Received a gift from Yredelemnul (a profane servitor)
 29695 | Snake:1  | Received a gift from Yredelemnul (a flayed ghost)
 29848 | Snake:1  | Reached skill level 17 in Maces & Flails
 29968 | Snake:1  | Received a gift from Yredelemnul (a profane servitor)
 30486 | Snake:1  | Killed a nagaraja
 31062 | Snake:2  | Reached XP level 16. HP: 133/143 MP: 24/24
 31253 | Snake:2  | Received a gift from Yredelemnul (a vampire)
 31848 | Snake:3  | Noticed Aizul
 31855 | Snake:3  | Killed Aizul
 32056 | Snake:3  | Noticed Nikola
 32066 | Snake:3  | Killed Nikola
 32901 | Snake:4  | Entered Level 4 of the Snake Pit
 32929 | Snake:4  | Reached skill level 18 in Maces & Flails
 33185 | Snake:4  | Received a gift from Yredelemnul (a skeletal warrior)
 33210 | Snake:4  | Received a gift from Yredelemnul (a skeletal warrior)
 33548 | Snake:4  | Noticed Vashnia
 33711 | Snake:4  | Killed Vashnia
 33749 | Snake:4  | Received a gift from Yredelemnul (a vampire knight)
 34041 | Snake:4  | Reached XP level 17. HP: 148/152 MP: 25/25
 34042 | Snake:4  | Received a gift from Yredelemnul (a skeletal warrior)
 34242 | Snake:4  | Reached skill level 19 in Maces & Flails
 34270 | Snake:4  | Got a serpentine rune of Zot
 34769 | Vaults:1 | Entered Level 1 of the Vaults
 34966 | Vaults:1 | Received a gift from Yredelemnul (a flayed ghost)
 35777 | Vaults:1 | Received a gift from Yredelemnul (a vampire)
 37255 | Vaults:2 | Received a gift from Yredelemnul (a ghoul)
 37271 | Vaults:2 | Reached skill level 15 in Fighting
 37354 | Vaults:2 | Reached skill level 15 in Armour
 37425 | Vaults:2 | Received a gift from Yredelemnul (a phantasmal warrior)
 37431 | Vaults:2 | Noticed a lich
 37457 | Vaults:2 | Killed a lich
 37489 | Vaults:2 | Reached skill level 20 in Maces & Flails
 37492 | Vaults:2 | Killed from afar by a deep elf annihilator

Levels and vault maps discovered:
D:1:      evilmike_arrival_rings, layout_rooms, roderic_st_hans_cross,
          hangedman_decor_slide_cut
D:2:      layout_basic, first_ration, uniq_sigmund, uniq_jessica
D:3:      minmay_diamond_boxcup, layout_basic, overflow_temple_1_default,
          gammafunk_ghost_nasty_kobolds, chequers_ecumenical_altar_twisty,
          minmay_curled_crystal, uniq_ijyb, uniq_grinder
D:4:      minmay_razor_zed, layout_basic, hangedman_decor_opposing,
          lightli_corner_chamber
D:5:      layout_basic, kennysheep_decorative_pillar, hangedman_minor_gate_pass
D:6:      layout_basic, ebering_ghost_sewer_d, serial_shops,
          kennysheep_little_box, minmay_misc_feat_secret_circle
D:7:      layout_loops_ring, minmay_temple_entry_from_below_a, enter_bailey_2,
          uniq_crazy_yiuf_cottage, uniq_harold
D:8:      layout_cave_pools
D:9:      layout_layer_cave
D:10:     layout_roguey, erik_lair_orcish_takeover, orc_david_3,
          gammafunk_ghost_stat_death, basic_altar
D:11:     minmay_the_grid_net [minmay_the_grid_broken_lines,
          minmay_the_grid_plusring, minmay_the_grid_spikes,
          minmay_the_grid_dragon_b, minmay_the_grid_empty,
          minmay_the_grid_prize_inner_circle], layout_basic, the_bakery,
          hex_medium, minmay_misc_feat_rows
D:12:     layout_loops_cross
D:13:     lemuel_vampire_tower, layout_basic, serial_glass, glass_columns_b,
          glass_columns_a
D:14:     layout_roguey, hangedman_vaults_entry_quadrant_bands,
          small_statue_intersection, serial_shops, shop,
          nicolae_qazlal_style_of_elements
D:15:     hangedman_depths_entry_civil_slaughter, layout_rooms,
          nicolae_dithmenos_shadow_blocks, chequers_mini_garden
Lair:1:   layout_roguey [special_room_bee]
Lair:2:   layout_gridlike, special_room, uniq_gastronok
Lair:3:   layout_cave_pods, minmay_snake_entry_guardpost_small, basic_altar,
          minivault_11, infiniplex_staircase_pool
Lair:4:   dpeg_oklob_gauntlet, layout_gridlike, elwin_shoals_entry_stream,
          gauntlet_entry_generic, nicolae_volcano_entry_batcave, basic_altar
Lair:5:   layout_roguey, slime_dummy, uniq_kirke
Lair:6:   cheibrodos_lair_end_hotspot, layout_long_grid,
          ebering_ghost_inner_flame
Snake:1:  layout_cave_pods, evilmike_ambush [evilmike_ambush_outer_basic,
          evilmike_ambush_inner_basic]
Snake:2:  layout_basic, serial_bayou_shore_b
Snake:3:  layout_cave_town, uniq_nikola, uniq_aizul
Snake:4:  grunt_snake_rune_spirals, layout_onion, uniq_vashnia
Orc:1:    layout_diamond_mine
Orc:2:    st_orc_pillars, layout_diamond_mine,
          portal_ice_cave_entry_animals_and_master, uniq_snorg, uniq_jorgrun
Elf:1:    elf_arrival_002, layout_loops_corners, ebering_ghost_gozag,
          hangedman_elf_represent, minmay_shop_grid_forest,
          minmay_elf_demonology
Vaults:1: vaults_mumra_hex, ontoclasm_vaults_bender,
          nicolae_vaults_little_squares_6, nicolae_vaults_little_squares_6,
          dpeg_vaults_monster_box, layout_vaults_omnigrid
Vaults:2: st_greater_box_5, ontoclasm_vaults_spin, v_misc_2,
          vaults_mumra_hexcomb, v_misc_11, vaults_room_hallway,
          nicolae_vaults_yaktaur_gun_rack, vaults_dpeg_encased_lava,
          layout_vaults_big_cross, nicolae_trove_entry_diagonal, uniq_mara,
          uniq_margery, uniq_mennas, uniq_bai_suzhen

Skill      XL: |  1  2  3  4  5  6  7  8  9 10 11 12 13 14 15 16 17 |
---------------+----------------------------------------------------+-----
Fighting       | 4 5 6 7 9 10 11 12 13 14 15 | 15.1
Maces & Flails | 4 6 7 8 10 11 13 14 16 17 18 20 | 20.0
Armour         | 4 5 6 7 9 10 11 12 13 14 15 | 15.1
Dodging        | 1 2 3 5 6 7 8 9 10 11 12 13 | 13.6
Shields        | 4 5 6 7 8 10 11 12 | 12.6
Invocations    | 2 9 10 11 12 13 | 13.9

Action                   |  1- 3 |  4- 6 |  7- 9 | 10-12 | 13-15 | 16-18 || total
-------------------------+-------+-------+-------+-------+-------+-------++-------
Melee: Flail             |    30 |   185 |   302 |       |   785 |   552 ||  1854
       Headbutt          |     4 |    30 |    79 |   122 |   458 |   187 ||   880
       Morningstar       |       |       |    58 |   518 |   777 |       ||  1353
       Unarmed           |       |       |       |       |    10 |       ||    10
Throw: Stone             |       |     3 |     4 |     4 |       |       ||    11
Invok: Animate Remains   |       |       |    13 |     1 |       |       ||    14
       Animate Dead      |       |       |       |    39 |    83 |    41 ||   163
       Recall Undead Sla |       |       |       |       |     7 |     6 ||    13
Evoke: Wand              |       |     2 |     4 |     2 |     3 |       ||    11
  Use: Potion            |     1 |       |     2 |     3 |     2 |     4 ||    12
       Scroll            |       |       |    12 |    13 |    13 |     2 ||    40
 Stab: Distracted        |       |       |     1 |     9 |    23 |    26 ||    59
       Invisible         |       |       |       |    15 |       |       ||    15
       Paralysed         |       |       |       |       |     2 |       ||     2
  Eat: Chunk             |       |     5 |    20 |    22 |    49 |     9 ||   105
       Ration            |       |       |     1 |     5 |    10 |     8 ||    24
Armor: Scale mail        |    10 |    75 |   126 |    10 |       |       ||   221
       Ring mail         |       |       |       |    69 |       |       ||    69
       Plate armour      |       |       |       |   100 |   440 |    55 ||   595
       Chain mail        |       |       |       |       |    26 |    39 ||    65
Dodge: Dodged            |    15 |    48 |   145 |   204 |   456 |   281 ||  1149
       Deflected         |       |       |       |       |    38 |    35 ||    73
Block: Shield            |    12 |    75 |   218 |   305 |   752 |   323 ||  1685
